 Dungeon Crawl Stone Soup version 0.26-a0-812-g31a745ddcd (webtiles) character file.

Game seed: 6731405954172916468

56 tilp the Covert (level 3, 0/35 HPs)
             Began as a Gnoll Delver on Dec 4, 2020.
             Succumbed to a worker ant's poison
             ... on level 4 of the Dungeon.
             The game lasted 00:01:52 (428 turns).

tilp the Covert (Gnoll Delver)                       Turns: 428, Time: 00:01:53

Health: 0/35       AC:  3    Str: 14    XL:     3   Next: 95%
Magic:  3/4        EV: 14    Int: 13    God:
Gold:   0          SH:  0    Dex: 16    Spells: 4/4 levels left

rFire    . . .     SeeInvis .   a - +0 mace
rCold    . . .     Faith    .   (no shield)
rNeg     . . .     Spirit   .   b - +0 leather armour
rPois    .         Reflect  .   (no helmet)
rElec    .         Harm     .   (no cloak)
rCorr    .         Rampage  .   (no gloves)
MR       .....                  (no boots)
Stlth    ++++......             (no amulet)
HPRegen  0.11/turn              (no ring)
MPRegen  0.09/turn              (no ring)

@: lethally poisoned (0 -> -25)
A: distributed training, fangs 1, strong nose
a: no special abilities


You were on level 4 of the Dungeon.
You visited 1 branch of the dungeon, and saw 2 of its levels.

Inventory:

Hand Weapons
 a - a +0 mace (weapon)
Missiles
 d - 9 sling bullets
 h - 5 boomerangs (quivered)
Armour
 b - a +0 leather armour (worn)
Wands
 g - a wand of digging (3)
Scrolls
 c - a scroll of fog
 e - a scroll of fear
Potions
 f - a potion of haste


   Skills:
 + Level 6.5 Fighting
 + Level 1.0 Short Blades
 + Level 1.0 Long Blades
 + Level 1.0 Axes
 + Level 4.6 Maces & Flails
 + Level 1.0 Polearms
 + Level 1.0 Staves
 + Level 1.0 Slings
 + Level 1.0 Bows
 + Level 1.0 Crossbows
 + Level 1.0 Throwing
 + Level 1.0 Armour
 + Level 4.6 Dodging
 + Level 9.5 Stealth
 + Level 1.0 Shields
 + Level 1.0 Unarmed Combat
 + Level 1.0 Spellcasting
 + Level 0.7 Conjurations
 + Level 0.7 Hexes
 + Level 0.7 Summonings
 + Level 0.7 Necromancy
 + Level 0.7 Translocations
 + Level 0.7 Transmutations
 + Level 0.7 Fire Magic
 + Level 0.7 Ice Magic
 + Level 0.7 Air Magic
 + Level 0.7 Earth Magic
 + Level 0.7 Poison Magic
 + Level 1.0 Invocations
 + Level 1.0 Evocations


You had 4 spell levels left.
You didn't know any spells.
Your spell library was empty.

Dungeon Overview and Level Annotations

Branches:
Dungeon (5/15)
 Temple: D:4-7

Altars:

Annotations:
D:4 exclusions: black bear and worker ant


Innate Abilities, Weirdness & Mutations

Your experience applies equally to all skills.
You have very sharp teeth.
Your uncanny sense of smell can sniff out nearby items.


Message History

Your Short Blades skill increases to level 1!
Your Long Blades skill increases to level 1!
Your Axes skill increases to level 1!
Your Polearms skill increases to level 1!
Your Staves skill increases to level 1!
Your Slings skill increases to level 1!
Your Bows skill increases to level 1!
Your Crossbows skill increases to level 1!
Your Throwing skill increases to level 1!
Your Armour skill increases to level 1!
Your Shields skill increases to level 1!
Your Unarmed Combat skill increases to level 1!
Your Spellcasting skill increases to level 1!
Your Invocations skill increases to level 1!
Your Evocations skill increases to level 1!
* * * LOW HITPOINT WARNING * * *
You feel very sick. The frilled lizard misses you. x2
You miss the frilled lizard.
You bite the frilled lizard, but do no damage.
You die...

#
###.......>...+.........+
#
#..........####.........#
#######..........#
#.........#
...........#####.#
#.........# #####....[.#
#.# #.........# #......#
#.# #.........# #....###
#.####.........### #.)..#
#.l...÷........... ######
#@################ #†#
... ..... ∆ .......
......... #####+#....
...(.


You could see a frilled lizard.

Vanquished Creatures
  A hound (D:4)
  A worker ant (D:4)
  A quokka zombie (D:5)
3 creatures vanquished.

Notes
Turn   | Place    | Note
-------+----------+-------------------------------------------
     0 | D:5      | Reached skill level 9 in Stealth
     0 | D:5      | tilp the Gnoll Delver began the quest for the Orb.
     0 | D:5      | Reached XP level 1. HP: 23/23 MP: 1/1
    13 | D:5      | Noticed a hound
    39 | D:4      | Killed a hound
    39 | D:4      | Reached XP level 2. HP: 8/29 MP: 2/2
    39 | D:4      | Reached XP level 3. HP: 10/35 MP: 3/3
   318 | D:4      | Noticed a black bear
   394 | D:4      | Noticed an ogre
   427 | D:4      | Reached skill level 1 in Short Blades
   427 | D:4      | Reached skill level 1 in Long Blades
   427 | D:4      | Reached skill level 1 in Axes
   427 | D:4      | Reached skill level 1 in Polearms
   427 | D:4      | Reached skill level 1 in Staves
   427 | D:4      | Reached skill level 1 in Slings
   427 | D:4      | Reached skill level 1 in Bows
   427 | D:4      | Reached skill level 1 in Crossbows
   427 | D:4      | Reached skill level 1 in Throwing
   427 | D:4      | Reached skill level 1 in Armour
   427 | D:4      | Reached skill level 1 in Shields
   427 | D:4      | Reached skill level 1 in Unarmed Combat
   427 | D:4      | Reached skill level 1 in Spellcasting
   427 | D:4      | Reached skill level 1 in Invocations
   427 | D:4      | Reached skill level 1 in Evocations
   428 | D:4      | Succumbed to a worker ant's poison

Illustrated notes

Levels and vault maps discovered:
D:4:      black_bear_nest_1, layout_basic, marbit_many_paths
D:5:      layout_cave_pools, nicolae_dithmenos_through_a_glass_darkly

Skill      XL: |  1  2  3 |
---------------+----------+-----
Stealth        | |  9.5
Short Blades   | 1 |  1.0
Long Blades    | 1 |  1.0
Axes           | 1 |  1.0
Polearms       | 1 |  1.0
Staves         | 1 |  1.0
Slings         | 1 |  1.0
Bows           | 1 |  1.0
Crossbows      | 1 |  1.0
Throwing       | 1 |  1.0
Armour         | 1 |  1.0
Shields        | 1 |  1.0
Unarmed Combat | 1 |  1.0
Spellcasting   | 1 |  1.0
Invocations    | 1 |  1.0
Evocations     | 1 |  1.0
Fighting       | |  6.5
Maces & Flails | |  4.6
Dodging        | |  4.6
Conjurations   | |  0.7
Hexes          | |  0.7
Summonings     | |  0.7
Necromancy     | |  0.7
Translocations | |  0.7
Transmutations | |  0.7
Fire Magic     | |  0.7
Ice Magic      | |  0.7
Air Magic      | |  0.7
Earth Magic    | |  0.7
Poison Magic   | |  0.7

Action                   || total
-------------------------++-------
Melee: Mace              ||    20
       Bite              ||     4
Throw: Boomerang         ||     1
  Use: Scroll            ||     1
 Stab: Sleeping          ||     1
Armor: Leather armour    ||     2
Dodge: Dodged            ||    17

Table legend: (Time is in decaauts)
 A = Elapsed time spent in this place.
 B = Non-inter-level travel time spent in this place.
 C = Inter-level travel time spent in this place.
 D = Time resting spent in this place.
 E = Time spent auto-exploring this place.
 F = Levels seen in this place.
 G = Mean time per level.
                   A        B        C        D        E       F      G
               +--------+--------+--------+--------+--------+-----+--------+
         Total |    432 |    394 |     38 |    221 |      0 |   2 |  216.0 |
       Dungeon |    432 |    394 |     38 |    221 |      0 |   2 |  216.0 |
               +--------+--------+--------+--------+--------+-----+--------+

Top non-repeatable levels by time:
     D:4: 387 daAuts
     D:5: 44 daAuts
